 Dungeon Sprint DCSS version 0.28-a0-845-gfc338a8e3c (webtiles) character file.

Game seed: 16108431208134194310

424 kklluuttzz the Fighter (level 7, -20/68 HPs)
             Began as a Formicid Fighter on Nov 12, 2021.
             Was an Initiate of Sif Muna.
             Shot with an arrow by a centaur warrior (25 damage)
             ... in the Dungeon (Sprint I: "Red Sonja").
             The game lasted 00:01:50 (596 turns).

kklluuttzz the Fighter (Formicid Fighter)            Turns: 596, Time: 00:01:52

Health: -20/68     AC:  6    Str: 20    XL:     7   Next: 17%
Magic:  7/7        EV:  9    Int: 10    God:    Sif Muna [......]
Gold:   54         SH:  4    Dex: 10    Spells: 6/6 levels left

rFire   . . .      SeeInvis +   a - +0 long sword
rCold   . . .      Faith    .   c - +0 buckler
rNeg    . . .      Spirit   .   b - +0 scale mail
rPois   .          Reflect  .   (helmet unavailable)
rElec   .          Harm     .   (no cloak)
rCorr   .          Rampage  .   (no gloves)
Will    .....                   (no boots)
Stlth   ..........              (no amulet)
HPRegen 0.21/turn               (no ring)
MPRegen 0.10/turn               (no ring)

@: mighty
A: permanent stasis, dig shafts and tunnels, antennae 3, four strong arms
a: Dig, Renounce Religion


You were in the Dungeon.
You worshipped Sif Muna.
Sif Muna was noncommittal.
You visited 1 branch You collected 54 gold pieces.

Inventory:

Hand Weapons
 a - a +0 long sword (weapon)
Armour
 b - a +0 scale mail (worn)
 c - a +0 buckler (worn)
Scrolls
 h - a scroll of identify {unknown}
Potions
 e - a potion of curing
 f - a potion of attraction {unknown}
 g - 2 potions of magic


   Skills:
 + Level 11.5 Fighting
 + Level 10.4 Long Blades
 - Level 3.2 Armour
 - Level 3.6 Shields


You had 6 spell levels left.
You didn't know any spells.
Your spell library was empty.

Dungeon Overview and Level Annotations

Branches:
Dungeon (1/1)

Altars:
Cheibriados
Dithmenos
Elyvilon
Fedhas
Gozag
Hepliaklqana
Kikubaaqudgha
Nemelex Xobeh
Okawaru
Qazlal
Ru
Sif Muna
Trog
Uskayaw
Vehumet
Wu Jian
Yredelemnul
Zin
The Shining One

Shops:
D (


Innate Abilities, Weirdness & Mutations

You cannot be hasted, slowed, berserked, paralysed or teleported.
You can dig through walls and to a lower floor.
You have a pair of large antennae on your head. (SInv)
Your four strong arms can wield two-handed weapons with a shield.


Message History

2 centaur warriors come into view.
The centaur warrior shouts! x2
The centaur warrior wields a +0 longbow.
The centaur warrior shoots an arrow.
The arrow hits you!!
Found a scroll labelled CESOIXOSHRI and a ruby ring.
You close the door.
A centaur warrior opens the door.
You close the door.
A centaur warrior breaks down the door.
You slash the centaur warrior!
The centaur warrior is lightly wounded.
The centaur warrior unwields a +0 longbow.
The centaur warrior barely misses you.
The centaur warrior kicks you but does no damage.
You feel very mighty all of a sudden.
The centaur warrior hits you but does no damage.
The centaur warrior kicks you but does no damage.
You closely miss the centaur warrior.
The centaur warrior is lightly wounded.
The centaur warrior hits you!
The centaur warrior kicks you but does no damage.
You slash the centaur warrior!
The centaur warrior is moderately wounded.
The centaur warrior hits you. You block the centaur warrior's attack.
The centaur warrior hits you.
The centaur warrior kicks you but does no damage.
You slice the centaur warrior!!
The centaur warrior is severely wounded.
The centaur warrior hits you but does no damage.
You block the centaur warrior's attack. The centaur warrior hits you!
* * * LOW HITPOINT WARNING * * *
The centaur warrior kicks you.
* * * LOW HITPOINT WARNING * * *
The centaur warrior wields a +0 shortbow.
The centaur warrior shoots an arrow.
The arrow closely misses you.
The centaur warrior wields a +0 longbow.
The centaur warrior shoots an arrow.
The arrow completely misses you.
The centaur warrior shoots an arrow.
The arrow hits you!
* * * LOW HITPOINT WARNING * * *
The centaur warrior shoots an arrow.
The arrow hits you!!
You die...

#############
#<)#..'..#.)+
#..)..#..'..# {
#.[#####'#####+#
#..####..# #@# ##§§#
#..#__##.# ##§#§≈≈§c#
#..#_____##+#_cc≈≈§.§+
#⌠⌠#_.∩...'...§#≈≈§.§#
####_..__##_.#+##+####
#_____###+# ####### {
{


You could see 2 centaur warriors.

Vanquished Creatures
  Sigmund (D)
  A yak (D)
  An ogre (D)
  A jelly (D)
  Ijyb (D)
5 creatures vanquished.

Notes
Turn   | Place    | Note
-------+----------+-------------------------------------------
     0 | D        | kklluuttzz the Formicid Fighter began the quest for the
                  | Orb.
     0 | D        | Reached XP level 1. HP: 18/18 MP: 1/1
     1 | D        | Noticed Ijyb
    12 | D        | Killed Ijyb
    13 | D        | Reached skill level 5 in Fighting
    13 | D        | Reached XP level 2. HP: 25/27 MP: 2/2
    13 | D        | Reached XP level 3. HP: 31/33 MP: 3/3
    34 | D        | Noticed an ogre
    46 | D        | Killed an ogre
    47 | D        | Reached skill level 7 in Fighting
    47 | D        | Reached XP level 4. HP: 41/44 MP: 4/4
    47 | D        | Reached XP level 5. HP: 45/49 MP: 5/5
    54 | D        | Noticed Sigmund
    65 | D        | Killed Sigmund
    66 | D        | Reached skill level 10 in Fighting
    66 | D        | Reached XP level 6. HP: 24/60 MP: 6/6
   252 | D        | Found a stormy altar of Qazlal.
   252 | D        | Found a blossoming altar of Fedhas.
   252 | D        | Found a bloodstained altar of Trog.
   252 | D        | Found an iron altar of Okawaru.
   252 | D        | Found a glowing golden altar of the Shining One.
   252 | D        | Found Xedd's Antique Weapon Emporium.
   252 | D        | Found an ancient bone altar of Kikubaaqudgha.
   252 | D        | Found a hazy altar of Hepliaklqana.
   252 | D        | Found a hide-covered altar of Uskayaw.
   252 | D        | Found a basalt altar of Yredelemnul.
   252 | D        | Found a sparkling altar of Nemelex Xobeh.
   252 | D        | Found an opulent altar of Gozag.
   252 | D        | Found a snail-covered altar of Cheibriados.
   252 | D        | Found a sacrificial altar of Ru.
   252 | D        | Found a shadowy altar of Dithmenos.
   252 | D        | Noticed a yak
   258 | D        | Killed a yak
   259 | D        | Reached skill level 11 in Fighting
   259 | D        | Reached skill level 10 in Long Blades
   259 | D        | Reached XP level 7. HP: 40/68 MP: 7/7
   259 | D        | Found a glowing silver altar of Zin.
   259 | D        | Found a white marble altar of Elyvilon.
   342 | D        | Found a shimmering blue altar of Sif Muna.
   342 | D        | Found a radiant altar of Vehumet.
   342 | D        | Found an ornate altar of the Wu Jian Council.
   393 | D        | Became a worshipper of Sif Muna the Loreminder
   587 | D        | Noticed a centaur warrior
   587 | D        | Noticed a centaur warrior
   596 | D        | Shot with an arrow by a centaur warrior

Illustrated notes

Levels and vault maps discovered:
D:        dungeon_sprint_1 [red_sonja_temple_1, red_sonja_temple_small_1]

Skill      XL: |  1  2  3  4  5  6 |
---------------+-------------------+-----
Fighting       | 5 7 10 11 | 11.5
Long Blades    | 4 6 9 10 | 10.4
Armour         | |  3.2
Shields        | |  3.6

Action                   |  1- 3 |  4- 6 |  7- 9 || total
-------------------------+-------+-------+-------++-------
Melee: Long sword        |    15 |    16 |    10 ||    41
 Abil: Dig               |       |     1 |       ||     1
  Use: Potion            |     1 |       |     1 ||     2
Armor: Scale mail        |     3 |       |     6 ||     9
Dodge: Dodged            |     4 |     3 |     3 ||    10
Block: Buckler           |     4 |     2 |     4 ||    10

Table legend: (Time is in decaauts)
 A = Elapsed time spent in this place.
 B = Non-inter-level travel time spent in this place.
 C = Inter-level travel time spent in this place.
 D = Time resting spent in this place.
 E = Time spent auto-exploring this place.
 F = Levels seen in this place.
 G = Mean time per level.
                   A        B        C        D        E       F      G
               +--------+--------+--------+--------+--------+-----+--------+
         Total |    599 |    599 |      0 |    491 |      0 |   1 |  599.0 |
       Dungeon |    599 |    599 |      0 |    491 |      0 |   1 |  599.0 |
               +--------+--------+--------+--------+--------+-----+--------+

Top non-repeatable levels by time:
       D: 599 daAuts
